AoeStats
← Irving Legend

Coastal Forest

510750221Analyzed
2v2 RM · 19h ago on Oct 2, 2026· 30m 54s· 4 players
Game mode
Random Map
Map size
Medium (4 player)
Population
200
Speed
Normal
Resources
Standard
Victory
Conquest
Starting age
Dark Age
Ending age
Imperial Age
RankedLock teamsTeams togetherTeam positionsShared explorationLock speedFull tech treeHidden civsTurbo modeCheats
Victory
Defeat
🇨🇦 Varangians · Canada
1128
+13
🇨🇴 Franks · Colombia
1083
+15
🇺🇸 Slavs · United States
1084
-15
🇪🇸 Franks · Spain
1030
-13
MorganFreeman'sBodyGuard
8:37 Loom
10:57 Feudal Age
13:40 Man-at-Arms
21:04 Double-Bit Axe
23:34 Castle Age
23:42 Horse Collar
26:29 Stone Mining
oxy
1:02 Loom
12:02 Feudal Age
18:54 Castle Age
18:21 Double-Bit Axe
19:30 Scale Barding Armor
19:36 Forging
19:17 Fletching
24:38 Wheelbarrow
23:48 Town Watch
24:27 Bow Saw
27:54 Chain Barding Armor
Thousk_
5:44 Loom
9:09 Feudal Age
12:06 Double-Bit Axe
23:18 Castle Age
24:23 Scale Barding Armor
24:28 Forging
Irving Legend
6:44 Loom
9:41 Feudal Age
9:48 Man-at-Arms
10:15 Double-Bit Axe
16:15 Gold Mining
20:13 Castle Age
18:27 Fletching
19:01 Horse Collar
19:05 Fishing Lines
20:20 Scale Barding Armor
20:25 Forging
21:11 Bloodlines
24:07 Bow Saw
24:48 Chain Barding Armor
25:04 Iron Casting
Connection lost

Rejoining the realm…

Still unreachable

The connection could not be restored.

Session expired

The server has moved on; the page needs a fresh start.